 Dungeon Crawl Stone Soup version 0.31-a0-876-gfe8ebadbca (webtiles) character file.

Game seed: 2011022915718522441

83504 BinkBink the Spry (level 15, -3/111 HPs)
             Began as a Tengu Hunter on Oct 13, 2023.
             Was an Initiate of Gozag.
             Killed by the raging water
             ... invoked by a water nymph
              (37 damage)
             ... on level 2 of the Shoals on Oct 14, 2023.
             The game lasted 01:10:53 (24749 turns).

BinkBink the Spry (Tengu Hunter)                   Turns: 24749, Time: 01:10:54

Health: -3/111     AC:  7    Str: 11    XL:     15   Next: 77%
Magic:  16/16      EV: 60    Int: 10    God:    Gozag
Gold:   3488       SH:  0    Dex: 37    Spells: 14/14 levels left

rFire   . . .        S - +2 great sword (freeze)
rCold   . . .        (shield currently unavailable)
rNeg    + . .        x - +2 robe {rN+}
rPois   .            (helmet restricted)
rElec   .            R - +2 cloak {Will+}
rCorr   .            (no gloves)
SInv    .            (boots unavailable)
Will    ++...        g - amulet of regeneration
Stlth   +++          w - +6 ring of dexterity
HPRegen 1.18/turn    m - +6 ring of dexterity
MPRegen 0.15/turn

%: acrobat
@: gold aura, acrobatic, flying
A: beak, talons 3, evasive flight, acrobatic
a: Renounce Religion, Potion Petition, Call Merchant, Bribe Branch


You were on level 2 of the Shoals.
You worshipped Gozag.
Gozag was most pleased with you.
You visited 6 branches of the dungeon, and saw 24 of its levels.
You also visited: Ossuary and Bailey.

You collected 7097 gold pieces.
You spent 3545 gold pieces at shops.
You paid 64 gold pieces to Gozag.

Inventory:

Hand Weapons
 a - a +0 shortbow
 c - a +5 short sword of draining
 C - a +2 scimitar of flaming
 N - a +2 heavy long sword
 S - a +2 great sword of freezing (weapon)
Missiles
 I - 8 throwing nets
Armour
 x - a +2 robe of positive energy (worn)
 y - a +1 robe of cold resistance
 K - the +3 ring mail of Privacy {+Inv rC+ Regen+ Str-5}
   (You found it in a bailey)

   Str-5:     It affects your strength (-5).
   rC+:       It protects you from cold.
   +Inv:      It lets you turn invisible.
   Regen+:    It increases your rate of health regeneration.
 M - a scarf of repulsion
 R - a +2 cloak of willpower (worn)
Jewellery
 g - an amulet of regeneration (around neck)
 m - a +6 ring of dexterity (right hand)
 q - a ring of wizardry
 w - a +6 ring of dexterity (left hand)
 P - a ring of see invisible
 V - a +5 ring of evasion
 Y - the ring "Hewaw" {rC+ Str+5 Slay-2}
   (You bought it in a shop on level 8 of the Dungeon)

   [ring of protection from cold]

   Str+5:     It affects your strength (+5).
   Slay-2:    It affects your accuracy & damage with ranged weapons and melee
   (-2).
   rC+:       It protects you from cold.
Wands
 d - a wand of polymorph (17)
 h - a wand of mindburst (13)
 o - a wand of flame (34)
 t - a wand of iceblast (28)
 F - a wand of paralysis (23)
 Q - a wand of digging (6)
 U - a wand of quicksilver (5)
Scrolls
 b - a scroll of butterflies
 k - a scroll of poison
 r - 5 scrolls of enchant armour
 s - 5 scrolls of identify
 u - 2 scrolls of fog
 v - 3 scrolls of revelation
 B - 4 scrolls of noise
 E - 3 scrolls of immolation
 G - 2 scrolls of fear
 H - 5 scrolls of teleportation
 O - a scroll of torment
 T - 4 scrolls of blinking
Potions
 e - 3 potions of berserk rage
 f - 3 potions of attraction
 i - a potion of mutation
 j - 3 potions of might
 l - 3 potions of brilliance
 n - 4 potions of enlightenment
 p - 3 potions of ambrosia
 z - 4 potions of haste
 A - 5 potions of curing
 D - 2 potions of resistance
 J - 5 potions of magic
 L - 2 potions of lignification


   Skills:
 + Level 19.1 Fighting
 - Level 10.0(12.5) Short Blades
 + Level 12.1(13.5) Long Blades
 - Level 4.3 Ranged Weapons
 + Level 20.6 Dodging
 - Level 1.0 Stealth


You had 14 spell levels left.
You didn't know any spells.
Your spell library contained the following spells:

 Spells                   Type           Power      Damage    Failure   Level
 Freeze                   Ice            0%         1d3       36%         1
 Necrotise                Necr           0%         1d4       36%         1
 Sandblast                Erth           0%         2d4       36%         1
 Summon Small Mammal      Summ           0%         N/A       36%         1
 Cigotuvi's Dreadful Rot  Necr/Pois/Air  0%         N/A       50%         2
 Passwall                 Tmut/Erth      0%         N/A       50%         2
 Call Canine Familiar     Summ           0%         N/A       75%         3
 Frozen Ramparts          Ice            0%         1d1       75%         3
 Hailstorm                Conj/Ice       0%         3d3       75%         3
 Stone Arrow              Conj/Erth      0%         3d7       75%         3
 Summon Guardian Golem    Hex/Summ       0%         N/A       75%         3
 Brom's Barrelling Bould  Conj/Erth      0%         2d3       98%         4
 Dispel Undead            Necr           0%         3d6       98%         4
 Passage of Golubria      Tloc           0%         N/A       98%         4
 Vhi's Electric Charge    Tloc/Air       0%         N/A       98%         4
 Arcjolt                  Conj/Air       0%         1d10      100%        5
 Fireball                 Conj/Fire      0%         3d3       100%        5
 Iskenderun's Battlesphe  Conj           0%         2d6       100%        5
 Silence                  Hex/Air        0%         N/A       100%        5
 Conjure Ball Lightning   Conj/Air       0%         3x3d6     100%        6
 Death Channel            Necr           0%         N/A       100%        6
 Plasma Beam              Fire/Air       0%         2x1d10    100%        6
 Orb of Destruction       Conj           0%         9d5       100%        7
 Lehudib's Crystal Spear  Conj/Erth      0%         10d2      100%        8


Dungeon Overview and Level Annotations

Branches:
Dungeon (14/15)            Temple (1/1) D:5            Lair (4/5) D:8
 Shoals (2/4) Lair:3       Spider (0/4) Lair:2        Slime (0/5) Lair:4
    Orc (2/2) D:10            Elf (1/3) Orc:2       Ossuary (visited)
 Bailey (visited)
 Vaults: D:13-14

Altars:
Ashenzari
Cheibriados
Dithmenos
Elyvilon
Fedhas
Gozag
Hepliaklqana
Kikubaaqudgha
Makhleb
Nemelex Xobeh
Okawaru
Qazlal
Ru
Sif Muna
Trog
Uskayaw
Vehumet
Wu Jian
Xom
Yredelemnul
Zin
The Shining One
Jiyva

Shops:
D:5 *   D:8 *   D:9 [   D:13 *   Orc:2 *::[?   Shoals:1 =?

Annotations:
D:14 Louise
Shoals:2 Jorgrun


Innate Abilities, Weirdness & Mutations

You have a beak for a mouth.
You have claws for feet.
Your magical flight helps you evade attacks. (EV +4)
You can magically evade attacks while moving or waiting.


Message History

The manticore completely misses you. x2; The manticore misses you.
You closely miss the manticore. You claw the manticore! You peck the manticore.
The manticore is heavily wounded.
The manticore barely misses you. The manticore completely misses you. x2
You slice the manticore!! You freeze the manticore.
You kill the manticore!
You now have 3488 gold pieces (gained 14).
A snapping turtle comes into view.
The snapping turtle hisses angrily.
The snapping turtle completely misses you.
You slice the snapping turtle!!
The snapping turtle seems to slow down.
You freeze the snapping turtle!
You claw the snapping turtle, but do no damage.
You peck the snapping turtle, but do no damage.
The snapping turtle is heavily wounded.
You hit the snapping turtle.
The snapping turtle seems to slow down.
You freeze the snapping turtle.
You peck the snapping turtle, but do no damage.
The snapping turtle is severely wounded.
A water nymph comes into view.
The snapping turtle closely misses you.
The water nymph shouts!
You slash the snapping turtle!
The snapping turtle seems to slow down.
You freeze the snapping turtle.
The snapping turtle is almost dead.
The snapping turtle completely misses you.
You slash the snapping turtle! You freeze the snapping turtle.
You kill the snapping turtle!
The water nymph casts a spell at you. The water rises up and strikes you!!
The water nymph casts a spell at you. The water rises up and strikes you!!
The water nymph casts a spell at you. The water rises up and strikes you!!
* * * LOW HITPOINT WARNING * * *
You see here 6 gold pieces.
The water nymph points at you and mumbles some strange words.
The water rises up and strikes you!!!
You die...
Your body crumbles into a pile of gold.

≈≈≈≈≈≈≈≈≈≈≈≈≈≈≈≈≈≈≈≈≈≈≈≈≈
≈≈≈≈≈≈≈≈≈≈≈≈≈≈≈≈≈≈≈≈≈≈≈≈≈
≈≈≈≈≈≈≈≈≈≈≈≈≈≈≈≈≈≈≈≈≈≈≈≈≈
≈≈≈≈≈≈≈≈≈≈≈≈≈~~≈≈≈≈≈≈≈≈≈≈
≈≈≈≈≈≈≈≈≈≈~~~~~~~~~≈≈≈≈≈≈
≈≈≈≈≈≈≈≈≈≈~~~~~P~~~~≈≈m≈≈
≈≈≈≈≈≈≈≈≈P~~~~~~~~~~≈≈≈≈≈
≈≈≈≈≈≈≈≈≈~~~~..~~$~~~≈≈≈≈
≈≈≈≈≈≈≈≈P~~~..#.@~~~~≈≈≈≈≈≈≈≈≈≈≈≈
≈≈≈≈≈≈≈≈~~~.....~~~~P~PPP~~~~≈≈≈~
≈≈≈≈≈≈≈≈~P~~P...~~~~~~PP~P~~~~~~~
≈≈≈≈≈≈≈≈P~~~~~...~~~PPPP~~~~~~~~~
≈≈≈≈≈≈≈≈≈~P~~....P~~PP^.. .~~~~~
≈≈≈≈≈≈≈≈≈~~~..##...P~~.## ..~~
~≈≈≈≈≈≈≈≈~~~.....~~~~P## #.~
~≈≈≈≈≈≈≈≈~~~~~.~~P~~~.## #.
~~≈≈≈≈≈≈≈~...~~..^.~~~.## #.


You could see a water nymph.

Vanquished Creatures
  Gastronok (D:10)
  2 orc warlords
  2 merfolk impalers (Shoals:2)
  The ghost of utbildad the Grappler, a journeyman TrSh of Hepliaklqana (D:8)
  Erica (Orc:2)
  A centaur warrior (Shoals:1)
  A merfolk avatar (Shoals:1)
  A dancing weapon (Orc:2)
  2 two-headed ogres
  9 death yaks
  An alligator snapping turtle (Shoals:1)
  2 tengu warriors
  4 orc high priests
  Nergalle (Orc:2)
  Sonja (Orc:1)
  A deep elf knight (Orc:2)
  5 skysharks
  5 skeletal warriors (D:12)
  5 sea snakes
  5 orc knights (Orc:2)
  A deep elf pyromancer (D:12)
  7 orc sorcerers
  4 cyclopes
  A salamander (D:13)
  5 manticores
  10 elephants
  A black mamba (Lair:4)
  2 naga magi (D:13)
  3 water nymphs
  2 merfolk sirens (Shoals:2)
  The ghost of BinkBink the Cleaver, a novice MiMo of Qazlal (D:5)
  Maggie (D:10)
  5 cane toads
  A kobold demonologist (Bailey)
  An efreet (D:13)
  2 rime drakes
  An unseen horror (D:10)
  A yaktaur (shapeshifter) (D:14)
  A tengu conjurer (D:13)
  7 trolls
  5 komodo dragons
  A polar bear (D:9)
  6 harpy zombies (Shoals:1)
  9 merfolk
  4 wind drakes
  A hornet (D:9)
  11 dream sheep
  12 blink frogs
  7 snapping turtles
  A slime creature (D:13)
  2 shadows
  2 water elementals
  2 spriggans (D:9)
  A wraith (D:12)
  48 yaks
  2 vampires
  3 basilisks
  A human (D:10)
  2 steam dragons
  6 wargs
  6 wyverns
  13 vampire mosquitoes
  15 water moccasins
  2 acid dragons
  An ice beast (D:7)
  2 black bears
  46 orc warriors
  A manticore zombie (Shoals:1)
  6 wolves (Lair:1)
  8 ogres
  3 centaurs
  2 phantoms
  A kobold brigand (D:8)
  4 gnoll sergeants
  19 bullfrogs
  2 scorpions
  3 water moccasin zombies (Ossuary)
  8 electric eels
  5 howler monkeys
  7 hounds
  3 jellies
  A bullfrog skeleton (D:5)
  A gnoll bouda (D:6)
  24 orc priests
  A centaur skeleton (D:5)
  2 sleepcaps
  4 iguanas
  33 orc wizards
  14 hell rats
  2 mummies (Ossuary)
  6 adders
  22 gnolls
  8 river rats (Lair:3)
  A shadow imp (D:7)
  4 adder zombies (Ossuary)
  3 worms
  3 dart slugs
  96 orcs
  3 bats
  9 endoplasms
  3 giant cockroaches
  3 gnoll zombies (Ossuary)
  12 goblins
  9 hobgoblins
  8 jackals
  11 kobolds
  2 quokkas
  7 ball pythons
  7 frilled lizards
  4 hobgoblin zombies (Ossuary)
  5 kobold zombies (Ossuary)
  4 orc zombies (Ossuary)
  7 rats
710 creatures vanquished.

Vanquished Creatures (others)
  A gnoll (D:10)
  2 orcs (Orc:1)
3 creatures vanquished.

Grand Total: 713 creatures vanquished

Notes
Turn   | Place    | Note
-------+----------+-------------------------------------------
     0 | D:1      | BinkBink the Tengu Hunter began the quest for the Orb.
     0 | D:1      | Reached XP level 1. HP: 12/12 MP: 2/2
   177 | D:1      | Reached XP level 2. HP: 17/17 MP: 3/3
   225 | D:1      | Found a faded altar of an unknown god.
   232 | D:1      | Got an unusual book
   860 | D:2      | Reached skill level 1 in Short Blades
   937 | D:2      | Reached skill level 3 in Dodging
   937 | D:2      | Reached XP level 3. HP: 22/22 MP: 4/4
  1380 | D:2      | Identified the +0 ring mail of the Freezing God {rPois
                  | Int+4 Dex-3}
  1485 | D:3      | Reached XP level 4. HP: 28/28 MP: 5/5
  1522 | D:3      | HP: 1/28 [orc wizard/magic dart (5)]
  1896 | D:3      | Reached XP level 5. HP: 22/32 MP: 6/6
  2387 | D:4      | Noticed a phantom
  2412 | D:4      | Killed a phantom
  2413 | D:4      | Reached skill level 4 in Dodging
  2413 | D:4      | Reached XP level 6. HP: 24/38 MP: 7/7
  2687 | D:4      | HP: 1/38 [iguana (2)]
  3198 | D:5      | Entered Level 5 of the Dungeon
  3356 | D:5      | Gained mutation: Your magical flight helps you evade
                  | attacks. (EV +4) [Tengu growth]
  3356 | D:5      | Reached XP level 7. HP: 30/43 MP: 8/8
  3528 | D:5      | Reached skill level 5 in Short Blades
  3535 | D:5      | Reached skill level 5 in Dodging
  3919 | D:5      | Reached XP level 8. HP: 48/48 MP: 9/9
  3924 | D:5      | Found a staircase to the Ecumenical Temple.
  3946 | D:5      | Found a transporter.
  3957 | Temple   | Entered the Ecumenical Temple
  3987 | Temple   | Became a worshipper of Gozag Ym Sagoz the Greedy
  4069 | D:5      | Reached skill level 5 in Fighting
  4228 | D:5      | Found Deumpy's Desiderata Depot.
  4270 | D:5      | Noticed BinkBink's ghost (novice MiMo)
  4305 | D:5      | Found a transporter.
  4606 | D:6      | Reached skill level 6 in Dodging
  4639 | D:6      | You are sucked into a shaft and drop 1 floor!
  4726 | D:7      | Found a sand-covered staircase.
  4733 | Ossuary  | Entered an ossuary
  5201 | D:6      | Found a blossoming altar of Fedhas.
  5359 | D:6      | Reached XP level 9. HP: 55/55 MP: 10/10
  5479 | D:6      | Found a white marble altar of Elyvilon.
  5515 | D:6      | Found an ornate altar of the Wu Jian Council.
  5926 | D:7      | Reached skill level 7 in Dodging
  6112 | D:7      | Noticed a two-headed ogre
  6122 | D:7      | Killed a two-headed ogre
  6260 | D:8      | Reached skill level 10 in Short Blades
  6357 | D:8      | Noticed a komodo dragon
  6363 | D:8      | Found a staircase to the Lair.
  6398 | D:8      | Killed a komodo dragon
  6399 | D:8      | Reached skill level 8 in Dodging
  6399 | D:8      | Reached XP level 10. HP: 63/63 MP: 11/11
  6777 | D:5      | Bought a manual of Dodging for 960 gold pieces
  6949 | D:8      | Found Omurghiol's Assorted Antiques.
  7079 | D:9      | Found Huhalom's Antique Armour Shop.
  7105 | D:9      | Reached skill level 9 in Dodging
  7223 | D:9      | Reached skill level 10 in Dodging
  7499 | D:9      | Found a basalt altar of Yredelemnul.
  7529 | D:9      | Reached skill level 11 in Dodging
  7716 | D:9      | Found a runed translucent door.
  7722 | D:9      | Noticed utbildad's ghost (journeyman TrSh)
  7723 | D:9      | Identified the +7 trident "Zoqatoac" {heavy, rN+ Int+3
                  | Stlth+}
  7871 | D:9      | Found a sacrificial altar of Ru.
  8159 | D:10     | Entered Level 10 of the Dungeon
  8318 | D:10     | Noticed Gastronok
  8335 | D:10     | Reached skill level 12 in Dodging
  8336 | D:10     | Identified the +8 mace "Conservator" {flame, Int+2}
  8339 | D:10     | Killed an unseen horror
  8356 | D:10     | Reached XP level 11. HP: 66/72 MP: 12/12
  8373 | D:10     | Reached skill level 10 in Fighting
  8381 | D:10     | Noticed Maggie
  8398 | D:10     | Reached skill level 13 in Dodging
  8480 | D:10     | Found a staircase to the Orcish Mines.
  8532 | D:10     | Found a flagged portal.
  8541 | Bailey   | Entered a bailey
  8877 | Bailey   | Noticed an orc high priest
  9527 | Bailey   | Killed an orc high priest
  9584 | Bailey   | Reached skill level 14 in Dodging
  9903 | Bailey   | Found an iron altar of Okawaru.
 10004 | Bailey   | Identified the +3 ring mail of Privacy {+Inv rC+ Regen+
                  | Str-5}
 10268 | D:10     | Killed Gastronok
 10269 | D:10     | Reached skill level 15 in Dodging
 10308 | D:10     | Killed Maggie
 11158 | D:11     | Noticed a two-headed ogre
 11166 | D:11     | Killed a two-headed ogre
 11213 | D:11     | Reached XP level 12. HP: 81/81 MP: 13/13
 11217 | D:11     | Reached skill level 16 in Dodging
 12086 | D:11     | Acquired a manual of Fighting
 12112 | D:12     | Reached skill level 17 in Dodging
 13210 | D:13     | Noticed a tengu warrior
 13285 | Orc:1    | Entered Level 1 of the Orcish Mines
 13318 | Orc:1    | Reached skill level 1 in Long Blades
 13437 | Orc:2    | Entered Level 2 of the Orcish Mines
 13437 | Orc:2    | Noticed an orc warlord
 13455 | Orc:2    | Noticed an orc warlord
 13476 | Orc:1    | Noticed Erica
 13488 | Orc:2    | Killed Erica
 13617 | Orc:1    | Noticed Nergalle
 13655 | Orc:2    | Found a staircase to the Elven Halls.
 13851 | Orc:1    | Reached XP level 13. HP: 91/91 MP: 14/14
 13884 | Orc:1    | Killed an orc warlord
 14002 | Orc:2    | Reached skill level 15 in Fighting
 14002 | Orc:2    | Reached skill level 18 in Dodging
 14130 | Orc:2    | Killed an orc warlord
 14131 | Orc:2    | Reached skill level 5 in Long Blades
 14191 | Orc:2    | Found Gaxzutoy's Antique Armour Shoppe.
 14525 | Orc:2    | Found Ynugyrr's General Store.
 14820 | Orc:2    | Found Lisef's Magic Scroll Boutique.
 14829 | Orc:2    | Found Ihethr Jiuteg's Book Shoppe.
 14829 | Orc:2    | Found Paur's Book Shoppe.
 15138 | Orc:2    | Bought 2 scrolls of teleportation for 102 gold pieces
 15138 | Orc:2    | Bought a scroll of teleportation for 51 gold pieces
 15138 | Orc:2    | Bought a scroll of teleportation for 51 gold pieces
 15215 | Orc:1    | Noticed Sonja
 15237 | Orc:2    | Killed Nergalle
 15299 | Orc:1    | Killed Sonja
 15592 | Elf:1    | Entered Level 1 of the Elven Halls
 15617 | Orc:2    | HP: 2/94 [+1 mace of protection (11)]
 15855 | Lair:1   | Entered Level 1 of the Lair of Beasts
 16448 | Lair:1   | Reached XP level 14. HP: 100/100 MP: 15/15
 17247 | Lair:2   | Reached skill level 19 in Dodging
 17531 | Lair:2   | Found a hole to the Spider Nest.
 19306 | Lair:4   | Reached skill level 10 in Long Blades
 19986 | Lair:4   | Found a staircase to the Slime Pits.
 19986 | Lair:4   | Found a viscous altar of Jiyva.
 20654 | D:8      | Bought a bound copper ring for 115 gold pieces
 20654 | D:8      | Identified the ring "Hewaw" {rC+ Str+5 Slay-2} (You bought
                  | it in a shop on level 8 of the Dungeon)
 20786 | D:9      | Bought distressingly furry fire dragon scales for 2080 gold
                  | pieces
 20786 | D:9      | Identified the +1 fire dragon scales of Howling Wind {Harm
                  | rF++ rC- Will+ Str-5} (You bought it in a shop on level 9
                  | of the Dungeon)
 20914 | Orc:2    | Bought a scroll of identify for 34 gold pieces
 20926 | Orc:2    | Bought a scroll of identify for 32 gold pieces
 21140 | D:5      | Killed BinkBink's ghost
 21325 | D:8      | Killed utbildad's ghost
 21671 | D:13     | Reached XP level 15. HP: 82/109 MP: 16/16
 21968 | D:13     | Found Datiq's Serpentskin Sales.
 21978 | D:13     | Reached skill level 20 in Dodging
 22161 | D:14     | Noticed Louise
 22619 | Shoals:1 | Entered Level 1 of the Shoals
 22895 | Shoals:1 | Found Xociruj's Jewellery Boutique.
 23298 | Shoals:1 | Found Toluejial's Magic Scroll Emporium.
 23381 | Shoals:1 | Bought a scroll of blinking for 120 gold pieces
 23830 | Shoals:2 | Noticed Jorgrun
 24749 | Shoals:2 | Killed from afar by a water nymph

Illustrated notes

Levels and vault maps discovered:
D:1:      dpeg_arrival_oval, layout_basic, shapermc_ecumenical_altar_rom_forum
D:2:      layout_loops_ring
D:3:      layout_basic
D:4:      layout_gridville
D:5:      layout_basic, minmay_temple_entry_stoned_glass,
          gammafunk_ghost_mausoleum, nicolae_alphabet_shops
D:6:      layout_loops_ring, elyvilon_altar_4, kennysheep_mini_moat,
          mainiacjoe_overflow_catwalk, nicolae_concentric_dashed_squares_mild
D:7:      layout_gridville, serial_glass, glass_columns_a, glass_columns_b,
          glass_columns_b, glass_columns_a, chequers_ossuary_entry_cave,
          nicolae_titane
D:8:      layout_basic, david_lair_shrubbed, serial_shops,
          nicolae_shop_behind_doors
D:9:      layout_cave_pools, mainiacjoe_overflow_tiny_flanked,
          nicolae_ru_great_annihilating_truth, ebering_ghost_funeral_grove,
          serial_gnoll_camp, gnoll_camp_mini_basic, gnoll_camp_mini_shop,
          gnoll_camp_mini_hut, gnoll_camp_mini_house, gnoll_camp_mini_loothouse,
          gnoll_camp_mini_basic
D:10:     layout_basic, erik_orc_4, enter_bailey_5, patterned_corridor,
          uniq_maggie, uniq_gastronok
D:11:     layout_gridville, fountainhead
D:12:     layout_basic
D:13:     layout_rooms, drop_trap, guppyfry_shop_venom
D:14:     layout_cross, hellmonk_vaults_attempted_burglary, serial_glass,
          glass_columns_a, glass_columns_b, item_on_display_a,
          item_on_display_a, feat_on_display, nemelex_spade_bored_becter,
          nooodl_orcs_dogs, uniq_louise, uniq_snorg
Temple:   bh_familiar_temple
Lair:1:   layout_hall_layers, beast_lair_carwin_11, grunt_megastairs_2
Lair:2:   layout_loops_ring, spider_nest_entry_web_field
Lair:3:   layout_chaotic_city, nicolae_shoals_entry_flooding, minivault_25,
          kennysheep_abandoned_house
Lair:4:   layout_regular_city, nicolae_slime_entry_slimehenge, minivault_19,
          serial_bayou_lagoon_a, nicolae_quartered_pool_little,
          grunt_forest_small_clearing_treed, grunt_megastairs_1
Shoals:1: layout_shoals, serial_shops, shop, minmay_shop_enchanted_jewellery,
          nicolae_shoals_undead_eyrie
Shoals:2: layout_shoals, abandoned_shop, uniq_jorgrun
Orc:1:    layout_caves, uniq_sonja, uniq_nergalle, uniq_erica
Orc:2:    st_orc_elflike, layout_diamond_mine, serial_shops, shop, basic_altar
Elf:1:    layout_gridlike, portal_desolation_entry_nicolae_nacl,
          gammafunk_ghost_tricky_traps, serial_shops, nicolae_diamond_shop,
          minmay_elf_necromancy, minmay_shop_grove, lemuel_upstairs_altar

Skill      XL: |  1  2  3  4  5  6  7  8  9 10 11 12 13 14 15 |
---------------+----------------------------------------------+-----
Short Blades   | 1 2 3 4 6 8 10 | 10.0
Dodging        | 3 4 5 6 8 12 15 17 18 19 20 | 20.6
Fighting       | 3 4 6 7 9 11 14 16 18 19 | 19.1
Long Blades    | 3 7 10 12 | 12.1
Ranged Weapons | |  4.3
Stealth        | |  1.0

Action                     |  1- 3 |  4- 6 |  7- 9 | 10-12 | 13-15 || total
---------------------------+-------+-------+-------+-------+-------++-------
  Melee: Dagger            |       |   164 |    78 |       |       ||   242
         Kick              |       |    62 |   127 |   412 |   726 ||  1327
         Peck              |       |    39 |    68 |   242 |   499 ||   848
         Punch             |       |     1 |     5 |    11 |    18 ||    35
         Shortbow          |       |     1 |       |       |       ||     1
         Short sword       |       |       |   254 |   905 |  1299 ||  2458
         Great sword       |       |       |       |       |   207 ||   207
   Fire: Shortbow          |    77 |    11 |       |       |       ||    88
  Evoke: Wand              |       |       |       |     1 |       ||     1
    Use: Potion            |       |     2 |     3 |     2 |     6 ||    13
         Scroll            |       |       |    12 |    10 |    15 ||    37
   Stab: Sleeping          |       |     4 |    11 |     9 |    14 ||    38
         Distracted        |       |       |     2 |     8 |     7 ||    17
         Paralysed         |       |       |       |     1 |       ||     1
         Invisible         |       |       |       |       |     1 ||     1
 Armour: Leather armour    |     6 |    31 |       |       |       ||    37
         Robe              |       |    41 |    87 |   124 |   226 ||   478
  Dodge: Dodged            |    10 |   103 |   223 |   700 |  1344 ||  2380

Table legend: (Time is in decaauts)
 A = Elapsed time spent in this place.
 B = Non-inter-level travel time spent in this place.
 C = Inter-level travel time spent in this place.
 D = Time resting spent in this place.
 E = Time spent auto-exploring this place.
 F = Levels seen in this place.
 G = Mean time per level.
                   A        B        C        D        E       F      G
               +--------+--------+--------+--------+--------+-----+--------+
         Total |  23612 |  21253 |   2359 |   2041 |  12909 |  26 |  908.2 |
       Dungeon |  12929 |  11316 |   1613 |    633 |   8181 |  14 |  923.5 |
        Temple |     59 |      1 |     58 |      0 |      0 |   1 |   59.0 |
          Lair |   4496 |   4221 |    275 |    167 |   2956 |   4 | 1124.0 |
        Shoals |   2104 |   2096 |      8 |    322 |    740 |   2 | 1052.0 |
  Orcish Mines |   2345 |   1941 |    404 |    177 |    927 |   2 | 1172.5 |
   Elven Halls |      9 |      9 |      0 |      0 |      0 |   1 |    9.0 |
       Ossuary |    239 |    239 |      0 |     46 |    100 |   1 |  239.0 |
        Bailey |   1428 |   1428 |      0 |    695 |      5 |   1 | 1428.0 |
               +--------+--------+--------+--------+--------+-----+--------+

Top non-repeatable levels by time:
   Orc:2: 1723 daAuts
  Bailey: 1428 daAuts
    D:10: 1409 daAuts
     D:9: 1397 daAuts
     D:5: 1321 daAuts
  Lair:4: 1246 daAuts
  Lair:1: 1211 daAuts
Shoals:2: 1119 daAuts
    D:12: 1118 daAuts
    D:11: 1093 daAuts
  Lair:3: 1082 daAuts
Shoals:1: 984 daAuts
  Lair:2: 956 daAuts
     D:8: 947 daAuts
     D:4: 931 daAuts
